 Dungeon Crawl Stone Soup version 0.32-a0-5-gbffa963729 (webtiles) character file.

Game seed: 7401080648272748903

7014 seren the Grappler (level 10, -3/86 HPs)
             Began as a Purple Draconian Shapeshifter on Jan 13, 2024.
             Was a Believer of Nemelex Xobeh.
             Slain by a boulder beetle (48 damage)
             ... on level 9 of the Dungeon.
             The game lasted 00:40:30 (10916 turns).

seren the Grappler (Purple Draconian Shapeshifter) Turns: 10916, Time: 00:40:31

Health: -3/86      AC:  8    Str: 20    XL:     10   Next: 82%
Magic:  14/14      EV: 18    Int: 14    God:    Nemelex Xobeh [**....]
Gold:   257        SH:  0    Dex: 11    Spells: 9/9 levels left

rFire   . .          .
                       - Unarmed
rCold   + . .        (shield currently unavailable)
rNeg    + . .        (body armour unavailable)
rPois   .            (helmet restricted)
rElec   .            (no cloak)
rCorr   .            k - +0 pair of gloves
SInv    .            (no boots)
Will    +....        (no amulet)
Stlth   +            x - ring of positive energy
HPRegen 0.34/turn    s - ring of Midnight {rC+ Int+3}
MPRegen 0.14/turn

%: no passive effects
@: flux-form, glowing, studying Stealth
A: glow, contaminating, breathe power, AC +7, unfitting armour, cold-blooded
a: Breathe Dispelling Energy, Begin Untransformation, Renounce Religion, Draw
Escape, Draw Destruction, Draw Summoning


You were on level 9 of the Dungeon.
You worshipped Nemelex Xobeh.
Nemelex Xobeh was pleased with you.
You were something dangerously unstable.
You visited 2 branches of the dungeon, and saw 10 of its levels.
You also visited: Ossuary and Bailey.

You collected 413 gold pieces.
You spent 156 gold pieces at shops.

Inventory:

Hand Weapons
 D - a +4 whip of holy wrath
Missiles
 d - 15 poisoned darts (quivered)
 l - 6 javelins
 q - 50 stones
Armour
 k - a +0 pair of gloves (worn)
 y - a +0 kite shield
 E - a +0 buckler
Jewellery
 s - the ring of Midnight (right hand) {rC+ Int+3}
   (You acquired it in a bailey)

   [ring of protection from cold]

   Int+3:     It affects your intelligence (+3).
   rC+:       It protects you from cold.
 x - a ring of positive energy (left hand)
Talismans
 b - a beast talisman
 c - a flux talisman (active)
Wands
 G - a wand of charming (5)
Scrolls
 f - a scroll of brand weapon {unknown}
 g - a scroll of identify
 h - 11 scrolls of immolation
 i - a scroll of revelation
 j - a scroll of vulnerability {unknown}
 m - 3 scrolls of enchant armour
 n - 2 scrolls of noise
 o - 4 scrolls of teleportation {!r}
 p - 2 scrolls of fog
 r - 2 scrolls of torment {unknown}
 t - a scroll of poison
 u - a scroll of summoning {unknown}
 v - a scroll of blinking {unknown}
 C - 2 scrolls of amnesia
Potions
 a - 3 potions of lignification
 e - 2 potions of berserk rage {unknown}
 w - 4 potions of mutation {!q}
 z - a potion of magic {unknown}
 A - 5 potions of curing
 B - a potion of brilliance {unknown}
 F - a potion of resistance {unknown}
 H - a potion of degeneration {unknown}
 I - a potion of might


   Skills:
 + Level 7.2 Fighting
 + Level 6.1 Dodging
 + Level 3.6 Stealth
 - Level 4.0 Shields
 * Level 9.0 Unarmed Combat
 + Level 5.6 Invocations
 + Level 0.0 Evocations
 * Level 8.3 Shapeshifting


You had 9 spell levels left.
You didn't know any spells.
Your spell library contained the following spells:

 Spells                   Type           Power      Damage    Failure   Level
 Summon Ice Beast         Ice/Summ       0%         N/A       65%         3
 Ignite Poison            Fire/Alch      0%         N/A       96%         4
 Sticky Flame             Fire/Alch      0%         2d4       96%         4
 Summon Mana Viper        Hex/Summ       0%         N/A       100%        5
 Monstrous Menagerie      Summ           0%         N/A       100%        7
 Ignition                 Fire           0%         3d3       100%        8


Dungeon Overview and Level Annotations

Branches:
Dungeon (9/15)             Temple (1/1) D:5         Ossuary (visited)
 Bailey (visited)
   Lair: D:8-11         Orc: D:9-12

Altars:
Ashenzari
Cheibriados
Dithmenos
Elyvilon
Fedhas
Gozag
Hepliaklqana
Kikubaaqudgha
Makhleb
Nemelex Xobeh
Okawaru
Ru
Sif Muna
Trog
Uskayaw
Vehumet
Wu Jian
Xom
Yredelemnul
Zin
The Shining One

Shops:
D:7 ?   D:9 (

Annotations:
D:3 Grinder
D:4 vault need / of digging
D:6 electric eel, exclusions: electric eel and 1 more exclusion
D:9 exclusion: 3 doors


Innate Abilities, Weirdness & Mutations

You are something dangerously unstable.
You glow with magical radiation, making you easy to see and hit.
Foes you strike become dangerously contaminated with magical radiation.
You are incapable of wielding weapons or throwing items.
You can breathe bolts of dispelling energy.
Your rich purple scales are hard. (AC +7)
You cannot fit into any form of body armour.
You are cold-blooded and may be slowed by cold attacks.


Message History

Things that are here:
a +0 trident; a +0 scale mail An orc comes into view.
It is wielding a +0 falchion.
The orc shouts!
The orc completely misses you.
You barely miss the orc.
Your tail-slap misses the orc.
You hit the orc.
The orc begins to glow.
The orc is heavily wounded.
The orc closely misses you.
You hit the orc but do no damage.
The orc glows dangerously bright.
The orc is heavily wounded.
The orc misses you.
You barely miss the orc.
The orc is heavily wounded.
The orc completely misses you.
You hit the orc.
The orc shudders as magic cascades through it!!
You kill the orc!
Items here: ( ) [ †.
I - a potion of might The boulder beetle leaps!
The boulder beetle curls into a ball and begins rolling!
Things that are here:
a +0 trident; a +0 scale mail The boulder beetle attacks as it pursues you!
The boulder beetle hits you.
The boulder beetle stops rolling and uncurls.
The boulder beetle bites you.
The boulder beetle curls into a ball and begins rolling!
There is an open door here.
You draw a card...
You have drawn Wild Magic.
Nothing appears to happen.
The boulder beetle hits you!!!
* * * LOW HITPOINT WARNING * * *
The boulder beetle stops rolling and uncurls.
The boulder beetle curls into a ball and begins rolling!
The boulder beetle attacks as it pursues you!
The boulder beetle hits you!!!
Ouch! That really hurt!
You die...
Your body glows slightly brighter and disappears.

............### #.#
......##....# ##.#
......##....# #..#
.##.........#
########'######
##.........###.............#
.........##).°.........>...#
.........)..##○............#
####......####.B.).........#
######## #.p...........#
#.<...........#
#.............#
###############


You could see a boulder beetle (rolling).

Vanquished Creatures
  An orc high priest (Bailey)
  An orc knight (Bailey)
  3 yaks
  Grum (D:8)
  A wyvern (D:8)
  A human (D:8)
  A warg (D:8)
  A steam dragon (D:9)
  A water moccasin (D:7)
  10 orc warriors
  3 ice beasts
  A sky beast (D:7)
  2 black bears
  An ogre (D:7)
  4 wolves
  3 centaurs
  3 bullfrogs (D:7)
  3 elf zombies (Ossuary)
  A gnoll sergeant (D:6)
  3 scorpions
  13 wights
  A howler monkey (D:5)
  A centaur zombie (Ossuary)
  4 hounds
  2 bombardier beetles
  3 human zombies (Ossuary)
  5 orc priests
  An iguana (D:6)
  9 orc wizards
  2 crocodile zombies (Ossuary)
  3 spectral hounds (Ossuary)
  4 mummies (Ossuary)
  9 gnolls
  7 adders
  6 hound simulacra (Ossuary)
  3 shadow imps
  4 white imps
  5 ufetubi
  3 spectral gnolls (Ossuary)
  2 dart slugs
  2 ribbon worms (D:3)
  3 adder simulacra (Ossuary)
  27 orcs
  6 bats
  9 endoplasms
  6 giant cockroaches
  9 gnoll zombies (Ossuary)
  10 goblins
  9 hobgoblins
  8 kobolds
  3 quokkas (D:2)
  7 ball pythons
  3 frilled lizards
  2 gnoll simulacra (Ossuary)
  A jackal simulacrum (Ossuary)
  4 kobold zombies (Ossuary)
  3 orc zombies (Ossuary)
  3 rats
  3 spectral jackals (Ossuary)
250 creatures vanquished.

Notes
Turn   | Place    | Note
-------+----------+-------------------------------------------
     0 | D:1      | seren the Draconian Shapeshifter began the quest for the
                  | Orb.
     0 | D:1      | Reached XP level 1. HP: 16/16 MP: 1/1
   140 | D:1      | Reached XP level 2. HP: 23/23 MP: 2/2
   729 | D:2      | Reached XP level 3. HP: 29/29 MP: 3/3
  1105 | D:2      | Found a faded altar of an unknown god.
  1315 | D:3      | Noticed Grinder
  1448 | D:3      | Reached XP level 4. HP: 17/37 MP: 4/4
  1568 | D:3      | You fall into a shaft and drop 1 floor!
  1601 | D:4      | Noticed a scorpion
  1610 | D:3      | Paralysed by Grinder for 3 turns
  1850 | D:3      | Found a shimmering blue altar of Sif Muna.
  2282 | D:4      | Reached XP level 5. HP: 18/44 MP: 5/5
  2669 | D:4      | Reached skill level 4 in Unarmed Combat
  2675 | D:4      | Found a shadowy altar of Dithmenos.
  2977 | D:3      | Reached XP level 6. HP: 45/51 MP: 6/6
  3400 | D:4      | Noticed an orc warrior
  3749 | D:5      | Entered Level 5 of the Dungeon
  3750 | D:5      | Found a staircase to the Ecumenical Temple.
  3759 | Temple   | Entered the Ecumenical Temple
  3774 | Temple   | Became a worshipper of Nemelex Xobeh the Trickster
  3866 | D:5      | Your scales start taking on a rich purple colour.
  3866 | D:5      | Reached XP level 7. HP: 48/59 MP: 7/7
  3927 | D:5      | Reached skill level 1 in Invocations
  4037 | D:5      | Found a white marble altar of Elyvilon.
  4154 | D:5      | Reached skill level 5 in Unarmed Combat
  4171 | D:5      | Found a shimmering altar of Xom.
  4342 | D:5      | Reached skill level 5 in Shapeshifting
  4536 | D:6      | Found a sand-covered staircase.
  4547 | Ossuary  | Entered an ossuary
  4799 | Ossuary  | Reached XP level 8. HP: 54/67 MP: 9/9
  5029 | Ossuary  | Reached skill level 6 in Unarmed Combat
  5155 | Ossuary  | Reached skill level 5 in Fighting
  5464 | D:6      | Found an ancient bone altar of Kikubaaqudgha.
  5680 | D:6      | Reached * piety under Nemelex Xobeh
  5827 | D:6      | Reached skill level 1 in Shields
  6038 | D:6      | Received a gift from Nemelex Xobeh
  6062 | D:6      | Found an ornate altar of the Wu Jian Council.
  6070 | D:6      | Found a sacrificial altar of Ru.
  6070 | D:6      | Found an iron altar of Okawaru.
  6430 | D:7      | Reached XP level 9. HP: 57/73 MP: 11/11
  6610 | D:7      | Found a flagged portal.
  6642 | D:7      | Reached skill level 5 in Dodging
  6642 | D:7      | Reached skill level 7 in Unarmed Combat
  6667 | Bailey   | Entered a bailey
  6815 | Bailey   | Noticed an orc knight
  6829 | Bailey   | Killed an orc knight
  6829 | Bailey   | HP: 3/72 [spore (46)]
  7045 | Bailey   | Noticed an orc high priest
  7047 | Bailey   | Noticed a hellwing
  7061 | Bailey   | Noticed an orange demon
  7064 | Bailey   | Noticed a sixfirhy
  7065 | Bailey   | Killed an orc high priest
  7306 | Bailey   | Reached skill level 8 in Unarmed Combat
  7306 | Bailey   | Reached XP level 10. HP: 84/84 MP: 13/13
  7348 | Bailey   | Acquired the ring of Midnight {rC+ Int+3}
  7350 | Bailey   | Acquired a manual of Stealth
  7393 | Bailey   | Found an iron altar of Okawaru.
  7393 | Bailey   | Noticed an orc high priest
  7397 | Bailey   | Noticed a soul eater
  7556 | D:7      | Identified the +1 robe "Xoulyes" {-Cast rCorr Str+6}
  7671 | D:7      | Found Robaass's Magic Scroll Boutique.
  7674 | D:7      | Bought a scroll of teleportation for 36 gold pieces
  7674 | D:7      | Bought a scroll of poison for 48 gold pieces
  7674 | D:7      | Bought a scroll of amnesia for 48 gold pieces
  7674 | D:7      | Bought a scroll of identify for 24 gold pieces
  7728 | D:7      | Reached ** piety under Nemelex Xobeh
  7742 | D:7      | Reached skill level 1 in Stealth
  7935 | D:7      | Received a gift from Nemelex Xobeh
  8032 | D:7      | Noticed a +0 dagger
  8033 | D:7      | Found a hide-covered altar of Uskayaw.
  8034 | D:7      | Noticed a +0 hand axe
  8210 | D:8      | Noticed Grum
  8481 | D:8      | Reached skill level 5 in Invocations
  8904 | D:7      | HP: 6/124 [wolf[Grum] (7)]
  9561 | D:8      | Killed Grum
  9752 | D:8      | Found a burning altar of Makhleb.
  9760 | D:8      | Found a glowing silver altar of Zin.
  9760 | D:8      | Noticed an angel
  9760 | D:8      | Noticed an Executioner
 10541 | D:9      | Noticed a boulder beetle
 10705 | D:9      | Reached skill level 9 in Unarmed Combat
 10796 | D:9      | Found Orheip's Antique Weapon Shop.
 10916 | D:9      | Slain by a boulder beetle

Illustrated notes

Levels and vault maps discovered:
D:1:      ebering_hopf_link, layout_loops_cross
D:2:      layout_loops_ring, chequers_ecumenical_altar_simple_redux,
          minmay_heptomino_h4
D:3:      layout_basic, marbit_many_paths, feat_on_display, uniq_grinder
D:4:      layout_basic, kennysheep_mini_moat, lightli_corner_chamber
D:5:      layout_rooms, tgw_xom, kennysheep_little_box,
          minmay_temple_entry_butterflies, ebering_dispersal_statue_hall
D:6:      layout_basic, kiku_gazebo_pond_becter,
          gammafunk_temple_overflow_forgotten,
          lightli_ossuary_entry_decrepit_ruins, dreamdust_wishing_well,
          minivault_14
D:7:      layout_loops_ring, dancing_weapons_uskayaw, serial_shops,
          kennysheep_mini, enter_bailey_5
D:8:      layout_loops_ring, grunt_temple_overflow_order_and_chaos_2,
          serial_demonic, serial_demonic_b, serial_demonic_c, serial_demonic_b,
          serial_demonic_b, serial_demonic_g, serial_demonic_b,
          serial_demonic_b, serial_demonic_b, minmay_misc_feat_more_columns,
          uniq_grum
D:9:      layout_roguey, mainiacjoe_overflow_alcove_4, erik_orc_4, serial_shops,
          nicolae_square_shop
Temple:   compressed_dpeg_circular_temple

Skill      XL: |  1  2  3  4  5  6  7  8  9 10 |
---------------+-------------------------------+-----
Dodging        | 2 3 4 5 6 |  6.1
Fighting       | 2 3 4 5 6 7 |  7.2
Unarmed Combat | 4 5 6 8 9 |  9.0
Shapeshifting  | 4 5 6 7 8 |  8.3
Invocations    | 2 3 4 5 |  5.6
Shields        | 1 3 4 |  4.0
Stealth        | 3 |  3.6

Action                     |  1- 3 |  4- 6 |  7- 9 | 10-12 || total
---------------------------+-------+-------+-------+-------++-------
  Melee: Unarmed           |   114 |   108 |   533 |   302 ||  1057
         Tailslap          |    10 |    16 |    91 |    48 ||   165
         Punch             |     4 |     2 |     5 |     1 ||    12
 Invoke: Draw Destruction  |       |       |       |     3 ||     3
Ability: Begin Untransform |     1 |       |     1 |       ||     2
         Breathe Dispellin |       |       |     1 |       ||     1
    Use: Scroll            |     2 |       |     8 |     4 ||    14
         Potion            |       |     1 |     2 |     2 ||     5
   Stab: Sleeping          |       |     3 |       |       ||     3
 Armour: Skin              |    48 |    55 |   242 |   158 ||   503
  Dodge: Dodged            |    58 |    71 |   357 |   267 ||   753
   Form: Beast             |     1 |       |       |       ||     1
         Flux              |       |       |     1 |       ||     1

Table legend: (Time is in decaauts)
 A = Elapsed time spent in this place.
 B = Non-inter-level travel time spent in this place.
 C = Inter-level travel time spent in this place.
 D = Time resting spent in this place.
 E = Time spent auto-exploring this place.
 F = Levels seen in this place.
 G = Mean time per level.
                   A        B        C        D        E       F      G
               +--------+--------+--------+--------+--------+-----+--------+
         Total |  10811 |  10087 |    724 |   2361 |   3788 |  12 |  900.9 |
       Dungeon |   9288 |   8564 |    724 |   1751 |   3764 |   9 | 1032.0 |
        Temple |     30 |     30 |      0 |      0 |      0 |   1 |   30.0 |
       Ossuary |    764 |    764 |      0 |    215 |     24 |   1 |  764.0 |
        Bailey |    726 |    726 |      0 |    395 |      0 |   1 |  726.0 |
               +--------+--------+--------+--------+--------+-----+--------+

Top non-repeatable levels by time:
     D:7: 1638 daAuts
     D:8: 1517 daAuts
     D:4: 1238 daAuts
     D:6: 1120 daAuts
     D:3: 1103 daAuts
     D:2: 838 daAuts
 Ossuary: 764 daAuts
  Bailey: 726 daAuts
     D:5: 689 daAuts
     D:1: 602 daAuts
     D:9: 542 daAuts
  Temple: 30 daAuts
